 Dungeon Crawl Stone Soup version 0.22-a0-305-gd21a89c (webtiles) character file.

35 Amnesiac the Conjurer (level 3, -5/16 HPs)
             Began as a Spriggan Conjurer on Mar 30, 2018.
             Slain by a big kobold
             ... wielding a +0 dagger of speed
              (6 damage)
             ... on level 3 of the Dungeon.
             The game lasted 00:02:44 (1064 turns).

Amnesiac the Conjurer (Spriggan Conjurer)           Turns: 1064, Time: 00:02:44

Health: -5/16      AC:  2    Str:  4    XL:     3   Next: 17%
Magic:  3/8        EV: 18    Int: 17    God:
Gold:   54         SH:  0    Dex: 16    Spells: 6/8 levels left

rFire    . . .     SeeInvis +   e - -3 dagger
rCold    . . .     Gourm    .   (shield restricted)
rNeg     . . .     Faith    .   a - +0 robe
rPois    .         Spirit   .   (helmet restricted)
rElec    .         Reflect  .   (no cloak)
rCorr    .         Harm     .   (gloves unavailable)
MR       .....                  (boots unavailable)
Stlth    ++........             (no amulet)
HPRegen  0.05/turn              (no ring)
MPRegen  0.11/turn              (no ring)

@: very quick
A: very small, unfitting armour, see invisible, herbivore, speed 3, slow
metabolism 2
a: no special abilities


You were on level 3 of the Dungeon.
You were not hungry.

You visited 1 branch of the dungeon, and saw 3 of its levels.

You collected 54 gold pieces.

Inventory:

Hand Weapons
 e - a -3 dagger (weapon)
Armour
 a - a +0 robe (worn)
Scrolls
 f - 2 scrolls of identify {!r}
 j - a scroll of teleportation {!r, unknown}
Potions
 b - a potion of flight {!q}
 d - a potion of lignification {!q}
 i - a potion of agility {!q}
Comestibles
 c - 3 rations


   Skills:
 - Level 3.0 Dodging
 - Level 3.0 Stealth
 + Level 3.4 Spellcasting
 * Level 3.5 Conjurations


You had 6 spell levels left.
You knew the following spells:

 Your Spells              Type           Power        Failure   Level  Hunger
a - Searing Ray           Conj           ###...       6%          2    ##.....


Dungeon Overview and Level Annotations

Branches:
Dungeon (3/15)

Altars:


Innate Abilities, Weirdness & Mutations

You are very small and have problems with some larger weapons.
You are too small for most types of armour.
You have supernaturally acute eyesight. (SInv)
You are a herbivore.
You cover ground extremely quickly.
You need to consume almost no food.


Message History

Casting: Searing Ray (safe; 6% risk of failure)
Confirm with . or Enter, or press ? or * to list all spells.
Aiming: Searing Ray (safe; 6% risk of failure)
Press: ? - help, Shift-Dir - straight line, f - kobold
Aim: a kobold, wielding a dagger The searing ray misses the kobold. (Press . to maintain the ray.)
The kobold shouts!
Without enough magic to sustain it, your searing ray dissipates.
The kobold closely misses you. The kobold hits you but does no damage.
A kobold comes into view. It is wielding a club.
A kobold comes into view. It is wielding a club.
The kobold shouts!
You hit the kobold.
You kill the kobold!
You hear the slow rusting of a distant drain.
The kobold hits you with a club.
* * * LOW HITPOINT WARNING * * *
A kobold comes into view. It is wielding a club.
The kobold barely misses you.
Things that are here:
a club; a kobold corpse The kobold shouts!
A big kobold comes into view. It is wielding a club.
A big kobold comes into view. It is wielding a dagger of speed.
The big kobold shouts! x2
The kobold hits you but does no damage.
Found a scroll labeled ROSHRA KIOJ and 15 arrows.
Found 11 gold pieces and 13 stones.
The big kobold closely misses you. The big kobold misses you.
The big kobold misses you. The big kobold misses you.
You see here a scroll labeled ROSHRA KIOJ {!r}.
k - a scroll labeled ROSHRA KIOJ {!r} You see here 11 gold pieces.
You now have 54 gold pieces (gained 11).
The big kobold hits you with a dagger of speed.
* * * LOW HITPOINT WARNING * * *
Okay, then.
Really quaff
i - 2 murky ruby potions {!q}?
It was a potion of agility {!q}.
You feel agile all of a sudden. The big kobold misses you.
Really quaff
d - 2 sedimented amethyst potions {!q}?
It was a potion of lignification {!q}.
You turn into a tree.
Your roots penetrate the ground.
The big kobold hits you but does no damage. x2
Really quaff
g - an inky potion {!q}?
It was a potion of haste {!q}.
You feel yourself speed up.
The big kobold hits you but does no damage.
Really quaff
h - a fizzy sapphire potion {!q}?
It was a potion of cancellation {!q}.
Your magical effects are unravelling.
You feel magically purged.
You feel less wooden.
You feel yourself slow down.
You feel a little less agile now.
The big kobold closely misses you. x2; The jackal completely misses you.
Okay, then.
Really read
k - a scroll labeled ROSHRA KIOJ {!r}?
As you read the scroll labeled ROSHRA KIOJ {!r}, it crumbles to dust.
You feel as if something is helping you.
It was a scroll of remove curse {!r}.
The jackal misses you.
The big kobold hits you with a dagger of speed.
You die...

####.####..##≈≈≈###.##.g...#
#...o...#..#≈≈≈≈##..##.....#
#.......#..##≈≈≈#..##g......
#.......##..#≈≈≈............
####.#.###K.##≈......#....##
#.#.# ##KK#≈<....##....#
#.#.# #KK#.††...##....#
#.#o####hK#..<...##.####
#.#.#..#@K##...######
#.#o#.######..## #.#.#.#
#..# #...# #..# #..## #..#
##.# #..# ##.# #..# #..#
#>.# #..# #..#


You could see 2 big kobolds, a jackal and 5 kobolds.

Vanquished Creatures
  A dart slug (D:1)
  A leopard gecko (D:2)
  A giant cockroach (D:3)
  2 hobgoblins (D:3)
  5 jackals
  A ball python (D:3)
  4 bats
  2 frilled lizards
  6 goblins
  4 kobolds
  2 rats (D:1)
29 creatures vanquished.

Notes
Turn   | Place    | Note
-------+----------+-------------------------------------------
     0 | D:1      | Amnesiac the Spriggan Conjurer began the quest for the Orb.
     0 | D:1      | Reached XP level 1. HP: 9/9 MP: 5/5
   416 | D:1      | Reached XP level 2. HP: 13/13 MP: 5/7
   833 | D:2      | Learned a level 2 spell: Searing Ray
   887 | D:3      | Reached XP level 3. HP: 14/16 MP: 3/8
  1045 | D:3      | Noticed a big kobold
  1046 | D:3      | Noticed a big kobold
  1064 | D:3      | Slain by a big kobold

Vault maps used:
D:1:      dpeg_arrival_arbitrary_c
D:2:      tgw_trog, grunt_dithmenos_smoke_and_mirrors
D:3:      cheibrodos_thug_alley, gup_sewer_entry_spiral

Skill      XL: |  1 |
---------------+----+-----
Conjurations   | 3 |  3.5
Spellcasting   | 3 |  3.4
Dodging        | |  3.0
Stealth        | |  3.0

Action                   || total
-------------------------++-------
Melee: Unarmed           ||     2
       Dagger            ||     7
 Cast: Magic Dart        ||    44
       Searing Ray       ||     6
  Use: Scroll            ||     3
       Potion            ||     4
Armor: Robe              ||     8
       Skin              ||     3
Dodge: Dodged            ||    43

Table legend:
 A = Spawn XP
 B = Non-spawn XP
 C = Spawn XP percentage of total XP
 D = Spawn monster count
 E = Non-spawn monster count
 F = Spawn count percentage of total count
 G = Total turns spent on level
                    A         B        C        D         E        F      G
               +---------+---------+-------+---------+---------+-------+---------
         Total |       0 |      51 |   0.0 |       0 |      29 |   0.0 |  1064
               +---------+---------+-------+---------+---------+-------+---------
           D:1 |       0 |      31 |   0.0 |       0 |      18 |   0.0 |   759
           D:2 |       0 |       4 |   0.0 |       0 |       2 |   0.0 |    93
           D:3 |       0 |      16 |   0.0 |       0 |       9 |   0.0 |   212
               +---------+---------+-------+---------+---------+-------+---------
